 Dungeon Crawl Stone Soup version 0.28-a0-834-g1a73be5ee4 (webtiles) character file.

Game seed: 5170499189802651410

307 cheechan the Bolt Thrower (level 6, -12/42 HPs)
             Began as an Octopode Hunter on Nov 10, 2021.
             Was an Initiate of Gozag.
             Mangled by a two-headed ogre (26 damage)
             ... on level 5 of the Dungeon on Nov 11, 2021.
             The game lasted 00:28:10 (5376 turns).

cheechan the Bolt Thrower (Octopode Hunter)         Turns: 5376, Time: 00:28:11

Health: -12/42     AC:  1    Str: 11    XL:     6   Next: 40%
Magic:  6/6        EV: 13    Int: 14    God:    Gozag
Gold:   85         SH:  0    Dex: 14    Spells: 5/5 levels left

rFire   . . .      SeeInvis .   h - +2 triple crossbow (freeze)
rCold   . . .      Faith    .   (shield currently unavailable)
rNeg    . . .      Spirit   .   (helmet restricted)
rPois   .          Reflect  .   (no amulet)
rElec   .          Harm     .   (no ring)
rCorr   .          Rampage  .   (no ring)
Will    .....                   (no ring)
Stlth   +++.......              (no ring)
HPRegen 0.14/turn               (no ring)
MPRegen 0.10/turn               (no ring)
                                (no ring)
                                (no ring)

@: no status effects
A: almost no armour, amphibious, 8 rings, camouflage 1, gelatinous body 1,
(nimble swimmer 1), tentacles
a: Renounce Religion, Potion Petition, Call Merchant, Bribe Branch


You were on level 5 of the Dungeon.
You worshipped Gozag.
Gozag was noncommittal.
You visited 1 branch of the dungeon, and saw 5 of its levels.

You collected 151 gold pieces.
You spent 29 gold pieces at shops.
You paid 37 gold pieces to Gozag.

Inventory:

Hand Weapons
 a - a +1 hand crossbow
 b - a +0 hunting sling
 e - a +0 vorpal arbalest
 h - a +2 triple crossbow of freezing (weapon)
 m - a +1 whip of venom
 o - a +0 broad axe
Missiles
 c - 16 bolts (quivered ammo)
 f - 13 sling bullets
 j - 85 arrows
 s - 3 poisoned darts (quivered)
Armour
 d - a +1 buckler
Wands
 i - a wand of digging (6)
Scrolls
 r - a scroll of fog
Potions
 l - a potion of degeneration {unknown}
 n - a potion of lignification {unknown}
 p - a potion of heal wounds {unknown}
 q - a potion of flight {unknown}


   Skills:
 + Level 3.0 Fighting
 + Level 6.6 Crossbows
 + Level 2.7 Dodging
 + Level 2.5 Stealth


You had 5 spell levels left.
You didn't know any spells.
Your spell library contained the following spells:

 Spells                   Type           Power      Damage    Failure   Level
 Dazzling Flash           Conj/Hex       0%         N/A       65%         3
 Agony                    Necr           0%         N/A       100%        5
 Silence                  Hex/Air        0%         N/A       100%        5


Dungeon Overview and Level Annotations

Branches:
Dungeon (5/15)
 Temple: D:4-7

Altars:
Fedhas
Gozag
Sif Muna
Yredelemnul

Shops:
D:4 *   D:5 [


Innate Abilities, Weirdness & Mutations

You cannot wear most types of armour.
You are amphibious.
You can wear up to eight rings at the same time.
Your skin changes colour to match your surroundings (Stealth+).
Your rubbery body absorbs attacks. (AC +1, EV +1)
((You are camouflaged near water. (Stealth+)))
You have tentacles for arms and can constrict up to eight enemies at once.


Message History

You start resting.
HP restored.
There is a stone staircase leading down here.
There is a stone staircase leading down here.
You climb downwards.
There is a stone staircase leading up here.
You climb upwards.
There is a stone staircase leading down here.
Okay, then.
Okay, then.
Unknown command.
Things that are here:
a +0 ring mail; a +0 mace
There is an entrance to Amnautud's Assorted Antiques here.
g - a scroll labelled RIOHESMATWO Thank you for shopping at Amnautud's Assorted Antiques!
As you read the scroll labelled RIOHESMATWO, it crumbles to dust.
Wisps of shadow whirl around you...
It was a scroll of summoning.
You swap places.
You swap places.
You swap places.
Your dart slug dissolves into shadows!
Your giant cockroach dissolves into shadows!
Your goblin dissolves into shadows!
There is a stone staircase leading down here.
You climb downwards.
The two-headed ogre hits you with a +0 giant spiked club.
The two-headed ogre hits you with a +0 giant club!!
Ouch! That really hurt!
There is a stone staircase leading up, spattered with blood here.
Fire: 17 bolts
Press: ? - help, Shift-Dir - straight line, f - two-headed ogre
Aim: a two-headed ogre, wielding a +0 giant spiked club and a +0 giant club (77% to hit)
You shoot a bolt. The bolt hits the two-headed ogre.
The bolt freezes the two-headed ogre.
The two-headed ogre is lightly wounded.
The two-headed ogre hits you with a +0 giant spiked club!!
Ouch! That really hurt!
You die...
Your body crumbles into a pile of gold.

..... #.# ..... ..# ...
$ .. ... $ #. $ #.#
#.#### #S# # #.... #.# #
#.##..##########.##.# #
#....<..O@..(.......##.#
####..##########.##.....
#....[.## #........
#.####..# #..##.#..
#####..<###.#####..# .
#.......# #.##....h#
#....)..###.##.##.##
#......O.......##.#
#.......###.#####.#


You could see a two-headed ogre.

Vanquished Creatures
  A howler monkey (D:3)
  2 hounds (D:4)
  2 iguanas
  4 gnolls (D:4)
  3 adders
  2 adder skeletons (D:4)
  2 worms (D:2)
  2 dart slugs
  3 orcs
  5 endoplasms
  4 giant cockroaches
  4 goblins
  9 hobgoblins
  6 jackals
  3 quokkas (D:4)
  8 ball pythons
  4 bats
  3 frilled lizards
  8 kobolds
  A rat (D:2)
76 creatures vanquished.

Notes
Turn   | Place    | Note
-------+----------+-------------------------------------------
     0 | D:1      | cheechan the Octopode Hunter began the quest for the Orb.
     0 | D:1      | Reached XP level 1. HP: 14/14 MP: 1/1
   186 | D:1      | Reached XP level 2. HP: 19/19 MP: 2/2
   500 | D:1      | Identified a scroll of acquirement
   500 | D:1      | Acquired a +0 vorpal arbalest
   779 | D:1      | Reached XP level 3. HP: 17/24 MP: 3/3
   851 | D:1      | Acquired a +2 triple crossbow of freezing
  1140 | D:2      | Found a faded altar of an unknown god.
  1466 | D:2      | Reached skill level 5 in Crossbows
  1897 | D:2      | Reached XP level 4. HP: 28/29 MP: 4/4
  3206 | D:3      | Reached XP level 5. HP: 35/35 MP: 5/5
  3589 | D:4      | Found Amnautud's Assorted Antiques.
  3699 | D:4      | Reached skill level 6 in Crossbows
  3719 | D:4      | Reached XP level 6. HP: 19/41 MP: 6/6
  4448 | D:4      | Upgraded the game from 0.28-a0-828-g0121872642 to
                  | 0.28-a0-834-g1a73be5ee4
  4608 | D:4      | Found a blossoming altar of Fedhas.
  4628 | D:4      | Found a shimmering blue altar of Sif Muna.
  4642 | D:4      | Found an opulent altar of Gozag.
  4674 | D:4      | Found a basalt altar of Yredelemnul.
  4780 | D:4      | Became a worshipper of Gozag Ym Sagoz the Greedy
  4887 | D:5      | Entered Level 5 of the Dungeon
  4897 | D:5      | Noticed a two-headed ogre
  4902 | D:5      | Noticed a black bear
  4926 | D:5      | Noticed a water moccasin
  4987 | D:5      | Found Ypuumeh's Armour Shop.
  5316 | D:4      | Bought a scroll labelled RIOHESMATWO for 29 gold pieces
  5376 | D:5      | Mangled by a two-headed ogre

Illustrated notes

Levels and vault maps discovered:
D:1:      dpeg_arrival_orchard, layout_basic, minmay_tetromino_t4
D:2:      layout_basic, hellmonk_ecumenical_altar_lost_god
D:3:      layout_basic
D:4:      layout_layer_cave, nicolae_overflow_quartered_altars, serial_shops,
          nicolae_shop_crystal
D:5:      layout_rooms, minmay_temple_entry_offerings, serial_shops,
          nicolae_inconvenience_store

Skill      XL: |  1  2  3  4  5  6 |
---------------+-------------------+-----
Crossbows      | 5 6 |  6.6
Stealth        | 2 |  2.5
Fighting       | 3 |  3.0
Dodging        | |  2.7

Action                   |  1- 3 |  4- 6 || total
-------------------------+-------+-------++-------
Melee: Triple crossbow   |       |    12 ||    12
       Constrict         |       |     5 ||     5
       Tentacles         |       |     2 ||     2
       Broad axe         |       |     3 ||     3
 Fire: Hand crossbow     |    23 |       ||    23
       Arbalest          |    10 |       ||    10
       Triple crossbow   |    27 |    72 ||    99
  Use: Scroll            |     4 |     8 ||    12
       Potion            |       |     5 ||     5
Armor: Skin              |     5 |     4 ||     9
Dodge: Dodged            |    17 |    73 ||    90
Block: Buckler           |     3 |       ||     3

Table legend: (Time is in decaauts)
 A = Elapsed time spent in this place.
 B = Non-inter-level travel time spent in this place.
 C = Inter-level travel time spent in this place.
 D = Time resting spent in this place.
 E = Time spent auto-exploring this place.
 F = Levels seen in this place.
 G = Mean time per level.
                   A        B        C        D        E       F      G
               +--------+--------+--------+--------+--------+-----+--------+
         Total |   5498 |   5498 |      0 |    663 |      0 |   5 | 1099.6 |
       Dungeon |   5498 |   5498 |      0 |    663 |      0 |   5 | 1099.6 |
               +--------+--------+--------+--------+--------+-----+--------+

Top non-repeatable levels by time:
     D:4: 1988 daAuts
     D:3: 1326 daAuts
     D:1: 1118 daAuts
     D:2: 915 daAuts
     D:5: 149 daAuts
